[Event "Welsh Chess Championships"]
[Site "Cardiff, Wales"]
[Date "2018.03.30"]
[Round "1.1"]
[White "Ehsandar, Peter"]
[Black "Kett, Tim"]
[Result "1/2-1/2"]
[ECO "C77"]
[WhiteElo "1993"]
[BlackElo "2231"]
[PlyCount "86"]
[EventDate "2018.??.??"]
[TimeControl "6000+1045"]
[WhiteClock "0:31:06"]
[BlackClock "0:26:42"]

1. e4 e5 2. Nf3 Nc6 3. Bb5 a6 4. Ba4 Nf6 5. d3 d6 6. c3 Bd7 7. Nbd2 g6 8. Nf1
Bg7 9. Ng3 O-O 10. Bg5 h6 11. Bd2 b5 12. Bc2 d5 13. Qc1 Kh7 14. h4 h5 15. Bg5
Bg4 16. Nh2 Be6 17. O-O Qd7 18. f4 dxe4 19. f5 gxf5 20. dxe4 f4 21. Nf5 Ng4 22.
Nxg4 hxg4 23. Rxf4 exf4 24. Qxf4 f6 25. Qxg4 fxg5 26. Qh5+ Kg8 27. hxg5 Ne5 28.
g6 Nxg6 29. Qxg6 Rxf5 30. exf5 Bf7 31. Qg4 Re8 32. Rf1 Kf8 33. Qh4 Qd2 34. f6
Bh6 35. Bh7 Bd5 36. Qb4+ Kf7 37. Qg4 Be3+ 38. Kh2 Qxg2+ 39. Qxg2 Bxg2 40. Kxg2
Bg5 41. Kf3 Re3+ 42. Kf2 Rh3 43. Be4 Rh6 1/2-1/2

[Event "Welsh Chess Championships"]
[Site "Cardiff, Wales"]
[Date "2018.03.30"]
[Round "1.2"]
[White "Zeidler, Sven P"]
[Black "Ralphs, Nigel"]
[Result "1/2-1/2"]
[ECO "C42"]
[WhiteElo "2153"]
[BlackElo "1989"]
[PlyCount "144"]
[EventDate "2018.??.??"]
[TimeControl "6000+2100"]
[WhiteClock "0:02:18"]
[BlackClock "0:04:07"]

1. e4 e5 2. Nf3 Nf6 3. Nc3 Bb4 4. Nxe5 O-O 5. Be2 Re8 6. Nd3 Bxc3 7. dxc3 Nxe4
8. O-O d6 9. Nf4 Nc6 10. c4 a5 11. Nd5 Ne7 12. f3 Nxd5 13. cxd5 Nc5 14. Bd2 Bf5
15. Bb5 Bd7 16. Bxd7 Qxd7 17. Bc3 f6 18. Qd2 b6 19. b3 Qf5 20. Rfe1 Kf7 21. a4
Nd7 22. Bb2 Ne5 23. Bxe5 Rxe5 24. Rxe5 fxe5 25. Qc3 Qd7 26. Re1 Kg8 27. Re4 Rf8
28. Rc4 Rf7 29. Rc6 g5 30. Qc4 h5 31. c3 g4 32. fxg4 hxg4 33. Qe4 Kg7 34. g3
Kh6 35. Rc4 Rg7 36. Kg2 Kg5 37. b4 Qf5 38. Qxf5+ Kxf5 39. Kf2 Rh7 40. Ke3 b5
41. axb5 a4 42. Rc6 a3 43. Ra6 Rxh2 44. Rxa3 Rg2 45. Ra7 Rxg3+ 46. Kd2 Ke4 47.
Rxc7 Rg2+ 48. Kc1 Rh2 49. b6 Rh8 50. b7 Rb8 51. c4 g3 52. Rg7 Kd4 53. c5 Kxd5
54. Rd7 g2 55. Rxd6+ Kc4 56. Rg6 Rxb7 57. Rxg2 e4 58. Rb2 Kb5 59. Kd2 Re7 60.
Ke3 Re8 61. Rb1 Re7 62. Rc1 Re8 63. Rc2 Re6 64. Kd4 e3 65. Kd3 Kxb4 66. c6 e2
67. Rb2+ Kc5 68. c7 Re8 69. Rxe2 Rc8 70. Rc2+ Kd6 71. Kd4 Rxc7 72. Rxc7 Kxc7
1/2-1/2

[Event "Welsh Chess Championships"]
[Site "Cardiff, Wales"]
[Date "2018.03.30"]
[Round "1.4"]
[White "Bullen, Alex"]
[Black "Fathallah, Joe"]
[Result "1/2-1/2"]
[ECO "A83"]
[WhiteElo "2112"]
[BlackElo "1977"]
[PlyCount "95"]
[EventDate "2018.??.??"]
[TimeControl "6000+1615"]
[WhiteClock "0:01:20"]
[BlackClock "0:02:42"]

1. d4 f5 2. e4 fxe4 3. Nc3 Nf6 4. Bg5 c6 5. f3 d5 6. fxe4 dxe4 7. Bc4 Bg4 8.
Nge2 Qa5 9. Qd2 Bxe2 10. Bxe2 Na6 11. O-O O-O-O 12. Qf4 Nc7 13. Rad1 h6 14.
Bxf6 exf6 15. Nxe4 Kb8 16. c4 Ka8 17. Bg4 Ne8 18. c5 Qc7 19. Qe3 Qf7 20. Nc3
Nc7 21. Bf3 Qe6 22. Qf4 Qf7 23. b4 g5 24. Qf5 Bg7 25. d5 Nxd5 26. Nxd5 cxd5 27.
Bxd5 Qc7 28. Rfe1 Rde8 29. Re6 Rxe6 30. Qxe6 Rd8 31. Qe4 Kb8 32. Bb3 Rxd1+ 33.
Bxd1 Qe5 34. Bf3 Qxe4 35. Bxe4 Bf8 36. Kf2 a5 37. a3 axb4 38. axb4 b6 39. cxb6
Bxb4 40. b7 h5 41. g3 h4 42. gxh4 gxh4 43. Kg2 Bd6 44. h3 Bg3 45. Kf3 Be1 46.
Kf4 Bg3+ 47. Kg4 Be1 48. Bh1 1/2-1/2

[Event "Welsh Chess Championships"]
[Site "Cardiff, Wales"]
[Date "2018.03.30"]
[Round "1.5"]
[White "Davis, Lee"]
[Black "Sands, David A"]
[Result "1/2-1/2"]
[ECO "D00"]
[WhiteElo "1954"]
[BlackElo "2088"]
[PlyCount "60"]
[EventDate "2018.??.??"]
[TimeControl "6000+1115"]
[WhiteClock "0:41:04"]
[BlackClock "0:19:55"]

1. d4 d5 2. g3 Nf6 3. Bg2 c6 4. Nf3 Bf5 5. O-O e6 6. c4 Be7 7. Nc3 Nbd7 8. b3
h6 9. Bb2 O-O 10. Nd2 Qa5 11. e4 dxe4 12. Ndxe4 Nxe4 13. Nxe4 Rfd8 14. Qe2 Bxe4
15. Bxe4 Nf6 16. Bf3 Ba3 17. Bxa3 Qxa3 18. Rfd1 Rd7 19. Rd2 Rad8 20. Rad1 Qa5
21. Rd3 Qf5 22. Qe3 e5 23. Be2 exd4 24. Rxd4 Rxd4 25. Rxd4 Re8 26. Qd3 Qe5 27.
Bf3 g6 28. Kg2 Kg7 29. Qd2 Re7 30. Rd8 Rc7 1/2-1/2

[Event "Welsh Chess Championships"]
[Site "Cardiff, Wales"]
[Date "2018.03.30"]
[Round "1.6"]
[White "Heap, Gerry"]
[Black "Hughes, Anthony"]
[Result "1-0"]
[ECO "A06"]
[WhiteElo "2080"]
[BlackElo "1925"]
[PlyCount "95"]
[EventDate "2018.??.??"]
[TimeControl "6000+1925"]
[WhiteClock "0:52:57"]
[BlackClock "0:14:26"]

1. Nf3 d5 2. c4 c6 3. g3 Bg4 4. Ne5 Bf5 5. Qb3 Qc7 6. cxd5 cxd5 7. Nc3 e6 8. d4
f6 9. Nf3 Nc6 10. Bg2 Rc8 11. O-O Qd7 12. Qa4 Bd6 13. Nh4 Nge7 14. e4 dxe4 15.
Nxe4 O-O 16. Nc5 Bxc5 17. dxc5 Rfd8 18. Be3 Bg6 19. Nxg6 Nxg6 20. Bh3 Nf8 21.
Rad1 Qf7 22. b4 a6 23. Qb3 Rd7 24. Rxd7 Qxd7 25. Rd1 Qe7 26. Bf4 Re8 27. a4 Ng6
28. Bd6 Qf7 29. b5 axb5 30. axb5 Nd8 31. Bg2 Ne7 32. Bc7 Nd5 33. Ba5 Qe7 34.
Bxd5 exd5 35. Qxd5+ Nf7 36. Re1 Qxe1+ 37. Bxe1 Rxe1+ 38. Kg2 Re7 39. b6 Kf8 40.
Qf5 Ne5 41. Qxh7 Rd7 42. Qh8+ Kf7 43. h4 Ke6 44. Qc8 Nc6 45. h5 Ne7 46. Qe8 Rd5
47. c6 bxc6 48. b7 1-0

[Event "Welsh Chess Championships"]
[Site "Cardiff, Wales"]
[Date "2018.03.30"]
[Round "1.12"]
[White "Bennett, Patrick"]
[Black "Van Kemenade, Julie"]
[Result "1-0"]
[ECO "A41"]
[WhiteElo "2014"]
[BlackElo "1701"]
[PlyCount "67"]
[EventDate "2018.??.??"]
[TimeControl "6000+835"]
[WhiteClock "0:24:45"]
[BlackClock "0:30:03"]

1. d4 d6 2. Nf3 Nf6 3. g3 Nbd7 4. c4 e5 5. d5 Be7 6. Nc3 h6 7. Bg2 Nf8 8. Qc2
Ng6 9. Rb1 Bd7 10. b4 Qc8 11. h4 h5 12. Ng5 Bf5 13. e4 Bd7 14. O-O Ng4 15. f3
Nh6 16. Kh2 Bxg5 17. Bxg5 f6 18. Be3 Nf7 19. Rfc1 Qd8 20. Nd1 f5 21. exf5 Nxh4
22. gxh4 Qxh4+ 23. Bh3 g5 24. Qf2 Qxf2+ 25. Nxf2 g4 26. Bg2 Bxf5 27. Rb2 O-O-O
28. fxg4 hxg4+ 29. Kg3 Rde8 30. Rh1 Rhg8 31. Ne4 Rg6 32. Rf2 Bxe4 33. Bxe4 Rg7
34. Rh7 1-0

[Event "Welsh Chess Championships"]
[Site "Cardiff, Wales"]
[Date "2018.03.30"]
[Round "2.1"]
[White "Pleasants, Allan J"]
[Black "Jameson, David"]
[Result "1/2-1/2"]
[ECO "A08"]
[WhiteElo "2114"]
[BlackElo "2033"]
[PlyCount "27"]
[EventDate "2018.??.??"]
[TimeControl "6000+1970"]
[WhiteClock "0:52:53"]
[BlackClock "0:22:10"]

1. Nf3 d5 2. g3 c5 3. Bg2 Nc6 4. d4 cxd4 5. Nxd4 e5 6. Nxc6 bxc6 7. c4 Bb4+ 8.
Bd2 Bxd2+ 9. Qxd2 Be6 10. Nc3 Ne7 11. O-O O-O 12. cxd5 cxd5 13. Rfd1 Qb6 14.
Nxd5 1/2-1/2

[Event "Welsh Chess Championships"]
[Site "Cardiff, Wales"]
[Date "2018.03.30"]
[Round "2.2"]
[White "Musson, Adam J"]
[Black "Heap, Gerry"]
[Result "0-1"]
[ECO "E46"]
[WhiteElo "2050"]
[BlackElo "2080"]
[PlyCount "122"]
[EventDate "2018.??.??"]
[TimeControl "6000+1115"]
[WhiteClock "0:16:14"]
[BlackClock "0:44:45"]

1. d4 Nf6 2. c4 e6 3. Nc3 Bb4 4. e3 O-O 5. Nge2 d5 6. cxd5 exd5 7. a3 Bd6 8.
Ng3 Re8 9. Be2 Nbd7 10. O-O Nf8 11. Qc2 c6 12. b4 Bd7 13. Nf5 Bb8 14. a4 Bxf5
15. Qxf5 Qd6 16. g3 Qxb4 17. Bd2 Qd6 18. Rab1 b6 19. Ba6 Bc7 20. Rfc1 Rab8 21.
Rc2 Ne6 22. Rbc1 Qe7 23. a5 Bd6 24. Ne2 g6 25. Qf3 Ne4 26. Be1 c5 27. Bb5 Red8
28. Nc3 N6g5 29. Qg2 Qe6 30. h4 Nxc3 31. Bxc3 Ne4 32. axb6 axb6 33. Be1 Rdc8
34. f3 Nf6 35. Bd2 cxd4 36. exd4 Nh5 37. f4 Rxc2 38. Rxc2 Qg4 39. Be1 Qd1 40.
Qd2 Qxd2 41. Rxd2 Bb4 42. Re2 Bxe1 43. Rxe1 Nxg3 44. Kg2 Nf5 45. Re5 Nxd4 46.
Bd7 Ne6 47. Kf3 Nc5 48. Rxd5 Nxd7 49. Rxd7 b5 50. Rd3 b4 51. Rb3 Rb5 52. Ke4
Kg7 53. h5 gxh5 54. Kd4 Kf6 55. Kc4 Rb8 56. Kd4 Kf5 57. Ke3 h4 58. Kf3 h5 59.
Kg2 Kxf4 60. Rf3+ Ke4 61. Rxf7 b3 0-1

[Event "Welsh Chess Championships"]
[Site "Cardiff, Wales"]
[Date "2018.03.30"]
[Round "2.3"]
[White "Brown, Thomas"]
[Black "Bennett, Patrick"]
[Result "1/2-1/2"]
[ECO "E91"]
[WhiteElo "2074"]
[BlackElo "2014"]
[PlyCount "84"]
[EventDate "2018.??.??"]
[TimeControl "6000+860"]
[WhiteClock "0:54:03"]
[BlackClock "0:19:20"]

1. d4 Nf6 2. c4 g6 3. Nc3 Bg7 4. e4 d6 5. Nf3 O-O 6. Be2 Nbd7 7. e5 dxe5 8.
dxe5 Ng4 9. e6 fxe6 10. O-O Nde5 11. Qxd8 Rxd8 12. Ng5 h6 13. Nge4 Nf6 14.
Nxf6+ exf6 15. Bf4 Bd7 16. Bxe5 fxe5 17. Bf3 Bc6 18. Nb5 Bxf3 19. gxf3 Kf7 20.
Nxc7 Rac8 21. Nb5 a6 22. Nc3 Rxc4 23. Ne4 Ke7 24. Rac1 Rdc8 25. Rc3 Rxc3 26.
bxc3 Rc4 27. Rb1 b5 28. Rb4 Rxb4 29. cxb4 Kd7 30. Nc5+ Kd6 31. a3 Bf8 32. Kf1
Kd5 33. Nxa6 Kc6 34. Ke2 Kb7 35. Nc5+ Bxc5 36. bxc5 Kc6 37. Kd3 Kxc5 38. Kc3 g5
39. Kb3 Kb6 40. Kb4 Kc6 41. Kc3 Kb6 42. Kb4 Kc6 1/2-1/2

[Event "Welsh Chess Championships"]
[Site "Cardiff, Wales"]
[Date "2018.03.30"]
[Round "2.4"]
[White "Kett, Tim"]
[Black "Davis, Lee"]
[Result "1-0"]
[ECO "B06"]
[WhiteElo "2231"]
[BlackElo "1954"]
[PlyCount "146"]
[EventDate "2018.??.??"]
[TimeControl "6000+710"]
[WhiteClock "0:13:35"]
[BlackClock "0:37:30"]

1. e4 g6 2. d4 d6 3. Nc3 Bg7 4. Be3 Nf6 5. Qd2 O-O 6. O-O-O c6 7. Bh6 b5 8.
Bxg7 Kxg7 9. Bd3 Qa5 10. Kb1 Be6 11. b3 Na6 12. Nge2 Nc7 13. h4 h5 14. Nf4 b4
15. Nce2 Rab8 16. Nxe6+ Nxe6 17. f4 c5 18. d5 Nd4 19. Nxd4 cxd4 20. Rhe1 Qc5
21. Bc4 Rfc8 22. Qxd4 Qxd4 23. Rxd4 Nd7 24. Kb2 f6 25. a3 bxa3+ 26. Kxa3 Rc5
27. Kb2 Nb6 28. Bd3 a5 29. Kc1 Kf7 30. Kd2 e5 31. dxe6+ Kxe6 32. b4 axb4 33.
Rxb4 Nd7 34. Rxb8 Nxb8 35. e5 f5 36. exd6+ Kxd6 37. c3 Nc6 38. Re8 Ne7 39. g3
Kd7 40. Ra8 Nd5 41. Ra6 Ne7 42. Bc2 Rd5+ 43. Ke3 Rc5 44. Ba4+ Kd8 45. Rd6+ Kc8
46. Kd4 Ra5 47. Be8 Ra1 48. Ke5 Re1+ 49. Kf6 Ng8+ 50. Kf7 Nh6+ 51. Kxg6 Rxe8
52. Kxh6 Re3 53. Kxh5 Rxg3 54. Rd5 Rxc3 55. Kg6 Rg3+ 56. Kxf5 Kc7 57. h5 Kc6
58. Rd1 Rh3 59. Kg6 Rg3+ 60. Kf6 Rh3 61. f5 Rxh5 62. Kg6 Rh2 63. f6 Rg2+ 64.
Kh7 Rh2+ 65. Kg7 Rg2+ 66. Kf8 Rf2 67. f7 Kc7 68. Rd4 Rf1 69. Kg7 Rg1+ 70. Kf6
Rf1+ 71. Kg6 Kc6 72. Rd8 Rg1+ 73. Kh5 Kb6 1-0

[Event "Welsh Chess Championships"]
[Site "Cardiff, Wales"]
[Date "2018.03.30"]
[Round "2.5"]
[White "Fathallah, Joe"]
[Black "Zeidler, Sven P"]
[Result "0-1"]
[ECO "A88"]
[WhiteElo "1977"]
[BlackElo "2153"]
[PlyCount "154"]
[EventDate "2018.??.??"]
[TimeControl "6000+1375"]
[WhiteClock "0:02:24"]
[BlackClock "0:04:37"]

1. d4 f5 2. g3 Nf6 3. Bg2 g6 4. Nf3 Bg7 5. O-O O-O 6. c4 d6 7. Nc3 c6 8. d5 e5
9. dxe6 Bxe6 10. b3 Na6 11. Bb2 Qe7 12. Ng5 Bc8 13. h4 Nh5 14. Bf3 Nxg3 15.
fxg3 Qe3+ 16. Kg2 Bxc3 17. Bxc3 Qxc3 18. Qxd6 Qf6 19. Qxf6 Rxf6 20. Rad1 h6 21.
Nh3 Nc5 22. Rd4 Ne6 23. Rd2 Kf7 24. Nf4 Ke7 25. Nxe6 Bxe6 26. Rfd1 g5 27. hxg5
hxg5 28. e3 Rh8 29. Rh1 Rxh1 30. Kxh1 Bf7 31. Kg2 Rd6 32. Rd4 Re6 33. Kf2 Re5
34. Rd2 Rc5 35. e4 fxe4 36. Bxe4 b5 37. cxb5 cxb5 38. Ke3 Rc3+ 39. Rd3 Rc1 40.
Rd2 a5 41. Rc2 Re1+ 42. Re2 Ra1 43. Rd2 b4 44. Kd3 Kd6 45. Rc2 a4 46. bxa4 Bxa2
47. Rc6+ Kd7 48. Rb6 b3 49. a5 Bb1+ 50. Ke3 Bc2 51. a6 Re1+ 52. Kd2 Rxe4 53.
Rb5 Ra4 54. Rxg5 Rxa6 55. Kc3 Rb6 56. Kb2 Ke7 57. g4 Kf7 58. Rc5 Rb4 59. Rg5
Rb6 60. Rc5 Kg6 61. Rc4 Kg5 62. Ra4 Rf6 63. Rb4 Rf4 64. Rb8 Kxg4 65. Rb7 Kf5
66. Rb8 Rc4 67. Rd8 Rb4 68. Rd7 Be4 69. Rd8 Ke5 70. Re8+ Kd4 71. Rh8 Bd5 72.
Rh4+ Kc5 73. Rh7 Ra4 74. Rc7+ Kd4 75. Rd7 Ra2+ 76. Kb1 Rh2 77. Rd8 Kc3 0-1

[Event "Welsh Chess Championships"]
[Site "Cardiff, Wales"]
[Date "2018.03.30"]
[Round "2.6"]
[White "Ralphs, Nigel"]
[Black "Bullen, Alex"]
[Result "1-0"]
[ECO "B12"]
[WhiteElo "1989"]
[BlackElo "2112"]
[PlyCount "113"]
[EventDate "2018.??.??"]
[TimeControl "6000+1305"]
[WhiteClock "0:09:19"]
[BlackClock "0:19:52"]

1. e4 c6 2. d4 d5 3. e5 Bf5 4. Nf3 e6 5. Be2 c5 6. O-O Nc6 7. Be3 cxd4 8. Nxd4
Nge7 9. c4 dxc4 10. Bxc4 Nxd4 11. Bxd4 Nc6 12. Bb5 Qa5 13. Bxc6+ bxc6 14. Qc1
Qc7 15. Bc5 Bxc5 16. Qxc5 Rd8 17. Nc3 Qb6 18. Qa3 a5 19. Rad1 Qb4 20. Rxd8+
Kxd8 21. Rd1+ Kc7 22. Qa4 Rb8 23. Rd2 Qxa4 24. Nxa4 Rd8 25. Rxd8 Kxd8 26. f4
Kc7 27. Kf2 Bd3 28. Ke3 Bc4 29. a3 Bb5 30. Nc3 Bf1 31. g4 Bg2 32. Kd4 Kb6 33.
b4 axb4 34. axb4 Bh3 35. g5 Bf5 36. h4 Bc2 37. Kc4 Bf5 38. Na4+ Kc7 39. Kc5 Bg4
40. Nc3 Bf3 41. Nb1 Bg2 42. Nd2 Bd5 43. Nf1 Bf3 44. Ne3 Be2 45. f5 Bd3 46. f6
gxf6 47. exf6 Be2 48. Nc2 Bf3 49. Nd4 Bd5 50. b5 e5 51. Nxc6 Bxc6 52. bxc6 e4
53. Kd4 Kxc6 54. Kxe4 Kd6 55. Kf5 Kd7 56. h5 Ke8 57. g6 1-0

[Event "Welsh Chess Championships"]
[Site "Cardiff, Wales"]
[Date "2018.03.30"]
[Round "2.7"]
[White "Sands, David A"]
[Black "Sivarajasingam, Shayanna"]
[Result "1-0"]
[ECO "D35"]
[WhiteElo "2088"]
[BlackElo "1729"]
[PlyCount "135"]
[EventDate "2018.??.??"]
[TimeControl "6000+2580"]
[WhiteClock "0:37:31"]
[BlackClock "0:06:50"]

1. d4 d5 2. c4 e6 3. Nc3 Nf6 4. cxd5 exd5 5. Bg5 c6 6. e3 Be7 7. Bd3 O-O 8. Qc2
Nbd7 9. Nge2 Re8 10. h3 h6 11. Bf4 Nf8 12. O-O-O Bd6 13. Bxd6 Qxd6 14. g4 Bd7
15. Kb1 b6 16. Ng3 c5 17. dxc5 Qxc5 18. Rd2 Ne6 19. Nf5 Ng5 20. Qd1 Nge4 21.
Bxe4 dxe4 22. Rxd7 Nxd7 23. Qxd7 Rad8 24. Qa4 Qe5 25. Nd4 Qf6 26. Qc2 Rc8 27.
Nxe4 Qe5 28. Nc3 a6 29. Qf5 Qe7 30. Rc1 Rc5 31. Qf3 Rec8 32. Nb3 Rc4 33. Nd5
Rxc1+ 34. Nxc1 Qc5 35. Nc3 b5 36. a3 b4 37. Nd3 Qc4 38. Nxb4 Qb3 39. Qd5 Qxd5
40. Ncxd5 Rd8 41. e4 a5 42. Nc6 Re8 43. f3 a4 44. Kc2 Re6 45. Nd4 Ra6 46. Kd3
f6 47. Nc3 Kf7 48. Nf5 Kg6 49. f4 Kf7 50. h4 Ra8 51. Nd6+ Ke6 52. Nb7 g5 53.
hxg5 hxg5 54. fxg5 fxg5 55. Nc5+ Ke5 56. N5xa4 Kf4 57. Nb6 Rb8 58. Nc4 Kxg4 59.
Ke3 Kh3 60. Nd5 g4 61. e5 g3 62. Ke4 Kg4 63. Nde3+ Kh4 64. e6 Kg5 65. Ke5 Rc8
66. e7 Kg6 67. Ke6 Kg7 68. Nd6 1-0

[Event "Welsh Chess Championships"]
[Site "Cardiff, Wales"]
[Date "2018.03.30"]
[Round "2.9"]
[White "Heaven, Pete"]
[Black "Smith, Lynda"]
[Result "1-0"]
[ECO "B34"]
[WhiteElo "2022"]
[BlackElo "1855"]
[PlyCount "101"]
[EventDate "2018.??.??"]
[TimeControl "6000+840"]
[WhiteClock "0:19:59"]
[BlackClock "0:17:34"]

1. e4 c5 2. Nf3 g6 3. d4 cxd4 4. Nxd4 Nc6 5. Nc3 Bg7 6. Be3 Nf6 7. Be2 Qa5 8.
Nb3 Qd8 9. O-O d6 10. h3 O-O 11. Qd2 Be6 12. f4 Rc8 13. Rad1 a6 14. Bf3 b5 15.
Nd5 Bxd5 16. exd5 Nb8 17. Nd4 Nfd7 18. Qf2 Re8 19. Rfe1 Qc7 20. c3 Nc5 21. Ne2
Nbd7 22. Bd4 Nb6 23. Bxg7 Kxg7 24. Nd4 Ncd7 25. Nc6 Nf6 26. Nxe7 Rxe7 27. Rxe7
Qxe7 28. Qxb6 Rc5 29. Kf1 Ne4 30. Bxe4 Qxe4 31. Qxd6 Qc4+ 32. Kg1 Rc8 33. Qe5+
Kg8 34. d6 Qc6 35. f5 Re8 36. Qg3 Qc5+ 37. Kh2 Qxf5 38. d7 Rd8 39. Qc7 Qf6 40.
b3 g5 41. c4 bxc4 42. bxc4 Kf8 43. c5 g4 44. hxg4 Qh6+ 45. Kg1 Qe3+ 46. Kf1 Qg5
47. Qd6+ Kg8 48. c6 Qb5+ 49. Kg1 Qb6+ 50. Kh1 Qf2 51. c7 1-0

[Event "Welsh Chess Championships"]
[Site "Cardiff, Wales"]
[Date "2018.03.30"]
[Round "2.10"]
[White "Staniforth, Matthew"]
[Black "Ehsandar, Peter"]
[Result "1-0"]
[ECO "A46"]
[WhiteElo "1866"]
[BlackElo "1993"]
[PlyCount "77"]
[EventDate "2018.??.??"]
[TimeControl "6000+990"]
[WhiteClock "0:04:36"]
[BlackClock "0:01:01"]

1. d4 Nf6 2. Nf3 e6 3. e3 b6 4. b3 Bb4+ 5. c3 Be7 6. Nbd2 Bb7 7. Bd3 d5 8. Bb2
Nbd7 9. O-O Ne4 10. Ne5 Nxe5 11. dxe5 Nc5 12. Bc2 Ba6 13. c4 dxc4 14. bxc4 O-O
15. Qe2 Qd7 16. f4 Na4 17. f5 exf5 18. Bxf5 Qd8 19. e6 Nxb2 20. exf7+ Rxf7 21.
Be6 Bf6 22. Ne4 Nxc4 23. Ng5 Ne5 24. Qxa6 Bxg5 25. Bxf7+ Nxf7 26. Rad1 Nd6 27.
e4 Qe8 28. Rfe1 Be7 29. e5 Nf5 30. Qd3 g6 31. Qc4+ Qf7 32. e6 Qf6 33. Qxc7 Bc5+
34. Kh1 Re8 35. Qc6 Re7 36. Qe4 Qh4 37. Rd8+ Kg7 38. Qe5+ Qf6 39. Rg8+ 1-0

[Event "Welsh Chess Championships"]
[Site "Cardiff, Wales"]
[Date "2018.03.30"]
[Round "2.11"]
[White "Sivarajasingam, Venetia"]
[Black "Van Kemenade, Rudy"]
[Result "1-0"]
[ECO "C70"]
[WhiteElo "1764"]
[BlackElo "1979"]
[PlyCount "127"]
[EventDate "2018.??.??"]
[TimeControl "6000+1040"]
[WhiteClock "0:15:03"]
[BlackClock "1:52:52"]

1. e4 e5 2. Nf3 Nc6 3. Bb5 a6 4. Ba4 b5 5. Bb3 Na5 6. O-O d6 7. c3 Nxb3 8. axb3
Bb7 9. d3 Nf6 10. Bg5 h6 11. Bh4 g5 12. Bg3 h5 13. h4 g4 14. Nxe5 dxe5 15. Bxe5
Rh6 16. Na3 Nd7 17. Bf4 Rg6 18. g3 Nc5 19. d4 Nxe4 20. Re1 Re6 21. Qd3 Nc5 22.
Qf5 Be4 23. Qxh5 Nd3 24. Re3 Nxf4 25. gxf4 Qd7 26. Rae1 Qd5 27. Qxd5 Bxd5 28.
Rxe6+ fxe6 29. b4 Kd7 30. Kh2 Bd6 31. Kg3 Bf3 32. d5 exd5 33. h5 Rf8 34. Nc2
Bxf4+ 35. Kh4 Rh8 36. Nd4 Bd2 37. Re5 Kd6 38. Re6+ Kd7 39. Re5 Be4 40. Nf5 Bf4
41. Re7+ Kd8 42. Rf7 Ke8 43. Rf6 Rg8 44. Ng7+ Rxg7 45. Rxf4 Bf3 46. Rf6 d4 47.
cxd4 c6 48. h6 Rh7 49. Kg5 Ke7 50. Rf5 Rf7 51. Re5+ Kf8 52. Kg6 Re7 53. h7 Rxh7
54. Kxh7 Kf7 55. Re3 Kf6 56. Re5 Bd1 57. Kg8 Bf3 58. Kf8 Bd5 59. Ke8 Be6 60.
Kd8 Bf5 61. Kc7 Kg5 62. Kxc6 Kf4 63. Rxf5+ Kxf5 64. d5 1-0

[Event "Welsh Chess Championships"]
[Site "Cardiff, Wales"]
[Date "2018.03.30"]
[Round "2.12"]
[White "Hughes, Anthony"]
[Black "Camp, Imogen A L"]
[Result "1/2-1/2"]
[ECO "D04"]
[WhiteElo "1925"]
[BlackElo "1822"]
[PlyCount "47"]
[EventDate "2018.??.??"]
[TimeControl "6000+1500"]
[WhiteClock "0:18:18"]
[BlackClock "0:57:42"]

1. d4 d5 2. Nf3 Nf6 3. e3 Bf5 4. b3 e6 5. Bb2 Nbd7 6. Nbd2 Bd6 7. Be2 h6 8. O-O
O-O 9. Rc1 Ne4 10. c4 c6 11. c5 Bc7 12. b4 Qe7 13. Re1 a6 14. Nf1 e5 15. dxe5
Nxe5 16. Nxe5 Bxe5 17. Bxe5 Qxe5 18. Qd4 Rfe8 19. a4 Qxd4 20. exd4 Re7 21. f3
Nf6 22. Ng3 Bg6 23. Kf2 Rae8 24. Bf1 1/2-1/2

[Event "Welsh Chess Championships"]
[Site "Cardiff, Wales"]
[Date "2018.03.31"]
[Round "3.1"]
[White "Heap, Gerry"]
[Black "Kett, Tim"]
[Result "1/2-1/2"]
[ECO "A04"]
[WhiteElo "2080"]
[BlackElo "2231"]
[PlyCount "38"]
[EventDate "2018.??.??"]
[TimeControl "6000+820"]
[WhiteClock "0:34:45"]
[BlackClock "0:42:22"]

1. Nf3 g6 2. g3 Bg7 3. Bg2 e5 4. d3 d5 5. O-O Nc6 6. c3 Nge7 7. e4 O-O 8. Qb3
h6 9. Nbd2 Rb8 10. exd5 Qxd5 11. Qxd5 Nxd5 12. Nc4 Nb6 13. Nxb6 axb6 14. Be3
Be6 15. d4 exd4 16. Nxd4 Nxd4 17. cxd4 c6 18. Rfd1 Ra8 19. d5 cxd5 1/2-1/2

[Event "Welsh Chess Championships"]
[Site "Cardiff, Wales"]
[Date "2018.03.31"]
[Round "3.2"]
[White "Zeidler, Sven P"]
[Black "Heaven, Pete"]
[Result "1/2-1/2"]
[ECO "B21"]
[WhiteElo "2153"]
[BlackElo "2022"]
[PlyCount "76"]
[EventDate "2018.??.??"]
[TimeControl "6000+1320"]
[WhiteClock "0:03:41"]
[BlackClock "0:06:08"]

1. e4 c5 2. f4 e6 3. Nf3 a6 4. d3 d5 5. Be2 Be7 6. O-O Nc6 7. c4 dxe4 8. dxe4
Qxd1 9. Rxd1 Nh6 10. Nc3 O-O 11. h3 f5 12. e5 Rb8 13. Be3 Nf7 14. g4 g6 15.
gxf5 gxf5 16. Kh2 Kh8 17. Nd5 exd5 18. cxd5 Rd8 19. dxc6 bxc6 20. b3 Rxd1 21.
Rxd1 Be6 22. Nd2 Bd5 23. Rc1 Nd8 24. Bd3 Ne6 25. Rf1 Rg8 26. Rg1 Rf8 27. Nc4
Nd4 28. Bxd4 cxd4 29. Nb6 Be4 30. Bxa6 d3 31. Rd1 Rg8 32. h4 Bc5 33. Nd7 Bf2
34. Bxd3 Rg2+ 35. Kh3 Rg3+ 36. Kh2 Rg2+ 37. Kh3 Rg3+ 38. Kh2 Rg2+ 1/2-1/2

[Event "Welsh Chess Championships"]
[Site "Cardiff, Wales"]
[Date "2018.03.31"]
[Round "3.3"]
[White "Bennett, Patrick"]
[Black "Pleasants, Allan J"]
[Result "1/2-1/2"]
[ECO "E63"]
[WhiteElo "2014"]
[BlackElo "2114"]
[PlyCount "84"]
[EventDate "2018.??.??"]
[TimeControl "6000+750"]
[WhiteClock "0:28:13"]
[BlackClock "0:15:14"]

1. d4 d6 2. Nf3 g6 3. g3 Bg7 4. Bg2 Nf6 5. O-O O-O 6. c4 Nc6 7. Nc3 a6 8. h3 h6
9. Be3 e5 10. Rc1 Kh7 11. Kh2 exd4 12. Nxd4 Bd7 13. b3 Re8 14. Qd2 Nxd4 15.
Bxd4 Rb8 16. e3 Be6 17. Nd5 Nd7 18. Bxg7 Kxg7 19. Nf4 Qf6 20. c5 dxc5 21. Rfd1
Re7 22. Qa5 b6 23. Qxa6 Ne5 24. Qe2 h5 25. Bd5 Rh8 26. Nxe6+ fxe6 27. Bg2 h4
28. g4 Nf7 29. Rc4 Nd6 30. g5 Qxg5 31. Rg4 Qf6 32. Rg1 Rh6 33. e4 e5 34. Qe1
Nf7 35. Bf1 Nd8 36. Bc4 Ne6 37. Bxe6 Rxe6 38. Qe3 Qd8 39. Qe2 Rd6 40. R1g2 Rh8
41. Rg5 Qf6 42. Rf5 Qe7 1/2-1/2

[Event "Welsh Chess Championships"]
[Site "Cardiff, Wales"]
[Date "2018.03.31"]
[Round "3.4"]
[White "Jameson, David"]
[Black "Sands, David A"]
[Result "1/2-1/2"]
[ECO "B22"]
[WhiteElo "2033"]
[BlackElo "2088"]
[PlyCount "70"]
[EventDate "2018.??.??"]
[TimeControl "6000+2240"]
[WhiteClock "0:04:58"]
[BlackClock "0:07:13"]

1. e4 c5 2. c3 d5 3. exd5 Qxd5 4. d4 Nf6 5. Nf3 e6 6. Na3 Nc6 7. Nb5 Qd8 8.
dxc5 Bxc5 9. Qxd8+ Kxd8 10. Bf4 Ne4 11. Ng5 Nxg5 12. Bxg5+ f6 13. Bh4 a6 14.
O-O-O+ Ke7 15. Nd4 Bxd4 16. cxd4 Rd8 17. d5 Rxd5 18. Rxd5 exd5 19. Bd3 Be6 20.
Re1 Kf7 21. Bg3 g6 22. h4 Rc8 23. Kd2 Nd4 24. Bd6 Rc6 25. Bb4 Rc7 26. Bd6 Rd7
27. Bf4 Nc6 28. Rc1 Ne7 29. f3 d4 30. a3 Nd5 31. Bh2 h5 32. Bg1 Nf4 33. Bf1 Bd5
34. Bh2 Ne6 35. Bd3 Kg7 1/2-1/2

[Event "Welsh Chess Championships"]
[Site "Cardiff, Wales"]
[Date "2018.03.31"]
[Round "3.5"]
[White "Staniforth, Matthew"]
[Black "Brown, Thomas"]
[Result "1/2-1/2"]
[ECO "E61"]
[WhiteElo "1866"]
[BlackElo "2074"]
[PlyCount "98"]
[EventDate "2018.??.??"]
[TimeControl "6000+725"]
[WhiteClock "0:19:22"]
[BlackClock "0:10:26"]

1. d4 Nf6 2. c4 g6 3. Nc3 Bg7 4. Nf3 O-O 5. Bg5 c5 6. d5 d6 7. e3 h6 8. Bh4 Qa5
9. Nd2 e5 10. Be2 a6 11. O-O Qc7 12. a3 Nh7 13. b4 Nd7 14. e4 f5 15. f3 Bf6 16.
Bf2 Be7 17. Nb3 b6 18. bxc5 Nxc5 19. Nxc5 bxc5 20. exf5 gxf5 21. Be3 Bg5 22. f4
Bf6 23. fxe5 Bxe5 24. Qd2 Qg7 25. Rac1 Rf6 26. Bf4 Bd4+ 27. Kh1 Bd7 28. Bh5 Ng5
29. Rce1 Rff8 30. Nd1 Ne4 31. Qd3 Ba4 32. Ne3 Rab8 33. Nxf5 Rxf5 34. Qxe4 Rxh5
35. Qe6+ Kh7 36. Bxd6 Re8 37. Be7 Be5 38. Rf7 Rxh2+ 39. Kg1 Rxg2+ 40. Kf1 Rg1+
41. Ke2 Rg2+ 42. Kf1 Rg1+ 43. Ke2 Rg6 44. Rxg7+ Rxg7 45. Qf5+ Kh8 46. Kd3 Rgxe7
47. Rxe5 Rxe5 48. Qf6+ Kh7 49. Qf7+ Kh8 {Ke4} 1/2-1/2